Map: Oblivion Express

Players

Hunter

  • Race: Terran Terran
  • League: Diamond
  • Spawn Location: 12:00

AtroCity

  • Race: Zerg Zerg

VOD

https://youtu.be/km_bS74hZdA

Description

Time

  • Played on: June 22, 2018, 2:42 a.m.
  • Length: 24:27
Show
View Real Time Build Order
Export as new Build Order

Hunter Terran 

Build Orders:  

Get SALT Encoding   

  12  0:03  SCV  
  13  0:20  SCV  
  13  0:25  Supply Depot  
  14  0:37  SCV  
  15  0:53  SCV  
  16  1:20  Command Center  
  16  1:26  SCV  
  17  1:39  Barracks  
  17  1:45  SCV  
  18  2:02  SCV  
  19  2:19  Orbital Command  
  19  2:44  Command Center  
  19  2:55  SCV  
  20  3:03  Orbital Command  
  20  3:12  SCV  
  20  3:16  Refinery  
  21  3:22  Refinery  
  21  3:29  SCV  
  22  3:46  SCV  
  23  3:53  Command Center  
  23  4:01  SCV  
  24  4:11  SCV  
  24  4:14  Barracks Tech Lab  
  24  4:19  SCV  
  26  4:28  SCV  
  27  4:36  Orbital Command  
  27  4:42  SCV  
  27  4:48  SCV  
  27  4:49  Engineering Bay  
  29  4:51  Engineering Bay  
  29  4:59  SCV  
  30  5:01  Barracks  
  30  5:05  SCV  
  31  5:13  SCV  
  31  5:16  SCV  
  33  5:22  Barracks, SCV  
  34  5:30  Terran Infantry Weapons Level 1, Terran Infantry Armor Level 1, SCV  
  34  5:34  Orbital Command  
  35  5:41  SCV  
  35  5:45  SCV  
  35  5:48  Barracks Reactor  
  37  5:56  Barracks Tech Lab, Barracks  
  37  6:00  Marine, SCV  
  37  6:01  Barracks  
  37  6:08  SCV  
  37  6:09  SCV  
  41  6:16  Combat Shields  
  41  6:23  SCV  
  41  6:29  Refinery, SCV  
  43  6:30  Refinery, SCV  
  43  6:33  Barracks Reactor  
  43  6:37  SCV  
  43  6:38  Barracks Reactor  
  45  6:40  Barracks Tech Lab, Factory  
  45  6:43  SCV  
  45  6:45  Marine  
  45  6:46  Marine, SCV  
  45  6:47  SCV  
  50  6:54  SCV  
  51  7:00  SCV  
  51  7:03  SCV  
  51  7:07  Stabilizer Medpacks  
  53  7:11  SCV  
  53  7:12  SCV  
  53  7:13  Marine x2  
  53  7:14  Marine  
  53  7:18  SCV  
  53  7:19  Marine x2  
  61  7:31  Marine x2  
  61  7:32  Marine x4  
  67  7:54  Supply Depot, Armory  
  67  7:56  Supply Depot, Marine  
  67  7:57  Marine x4  
  67  7:58  Supply Depot  
  69  8:00  Marine x2  
  69  8:01  Supply Depot x2  
  69  8:02  Supply Depot  
  69  8:07  Marine  
  69  8:08  Medic  
  75  8:10  Marine x3, Medic x2  
  84  8:25  Marine x3  
  84  8:26  Marine, Medic x3  
  94  8:32  Supply Depot  
  94  8:34  Supply Depot  
  94  8:35  Marine x2  
  94  8:37  Marine x2  
  94  8:38  Marine x2, Medic  
  96  8:45  Marine x2  
  96  8:47  Marine  
  96  8:48  Marine  
  104  8:50  Marine  
  104  8:54  Marine  
  104  8:55  Marine  
  109  9:06  Terran Infantry Weapons Level 2  
  109  9:14  Terran Infantry Armor Level 2  
  109  9:15  Marine x3  
  102  9:33  Marine  
  102  9:34  Marine x2, Medic x2  
  102  9:35  Marine x2  
  111  9:44  Marine x2  
  113  9:56  Supply Depot  
  113  9:59  Supply Depot  
  113  10:00  Marine x2  
  113  10:01  Marine x2, Medic x2  
  113  10:03  Marine  
  122  10:10  Marine  
  122  10:12  Marauder x2  
  122  10:14  Marauder  
  129  10:21  Marine x3  
  129  10:24  Factory Tech Lab  
  129  10:25  Marauder  
  129  10:27  Marine x3  
  134  10:31  Marine  
  134  10:37  Marauder  
  134  10:38  Marauder x2  
  134  10:39  Marine x2  
  137  10:40  Marine  
  137  10:45  Concussive Shells  
  137  10:48  Terran Vehicle and Ship Weapons Level 1  
  137  10:49  Supply Depot  
  146  10:50  Supply Depot, Marauder x2  
  146  10:52  Supply Depot  
  146  10:53  Supply Depot  
  146  10:55  Marine  
  146  10:56  Marine x3  
  146  10:57  Marauder  
  156  11:02  Marine  
  156  11:03  Marauder  
  156  11:06  Marine x4  
  156  11:09  Marine  
  164  11:30  Marine x4  
  164  11:31  Marine, Medic x2  
  164  11:39  Supply Depot  
  172  11:40  Supply Depot, Marine x2  
  172  11:41  Medic  
  172  11:48  Marine x3  
  175  11:54  Marine x2  
  175  11:55  Marine x2  
  171  12:18  Bunker  
  171  12:23  Bunker  
  171  12:29  Missile Turret  
  171  12:32  Marine x2  
  171  12:33  Marine x3  
  171  12:34  Marauder x2  
  180  12:42  Marine x2  
  180  12:43  Marine  
  180  12:49  Terran Infantry Weapons Level 3  
  183  13:00  Terran Infantry Armor Level 3  
  183  13:02  Missile Turret  
  183  13:07  Bunker  
  183  13:11  Bunker  
  183  13:15  Medic x3  
  183  13:16  Marine x2  
  183  13:17  Marine  
  192  13:25  Medic  
  189  13:32  Marine x3  
  189  13:34  Marauder x2  
  189  13:36  Marauder  
  194  13:40  Supply Depot  
  194  13:43  Marine x2, Missile Turret  
  194  13:45  Bunker  
  194  13:46  Marauder, Missile Turret  
  198  13:53  Marine  
  198  13:54  Marine  
  200  14:19  Bunker, Terran Vehicle and Ship Weapons Level 2  
  200  14:27  Missile Turret  
  200  14:33  Bunker  
  200  14:36  Medic  
  200  14:49  Marine x2  
  198  14:53  Missile Turret  
  200  15:04  Barracks  
  200  15:06  Barracks  
  187  15:30  Marine x2  
  187  15:31  Marine  
  187  15:32  Marauder x2, Medic  
  187  15:39  Barracks  
  196  15:42  Barracks, Medic  
  196  15:43  Barracks Tech Lab  
  196  15:44  Barracks Reactor  
  196  15:49  Marine x2  
  196  16:05  Marine  
  196  16:06  Marine x2  
  196  16:09  Marine  
  199  16:16  Barracks  
  199  16:18  Barracks  
  187  16:39  Marine x2  
  165  16:40  Marauder, Marine x2  
  165  16:41  Marauder x3  
  165  16:48  Marine x2  
  174  16:53  Marauder x2  
  174  16:56  Marine, Medic x2  
  174  16:57  Marine x2  
  174  16:58  Marine  
  185  17:05  Barracks Tech Lab, Medic  
  185  17:06  Barracks Tech Lab, Medic  
  185  17:08  Barracks Tech Lab x2  
  192  17:10  Marine  
  192  17:11  Marine x3, Medic  
  192  17:12  Medic  
  199  17:53  Marine  
  199  17:54  Marine x2  
  196  18:20  Marine  
  196  18:21  Marine x3  
  197  18:30  Medic x3  
  197  18:38  Medic x4  
  197  18:39  Marine  
  192  20:03  Marine x3  
  192  20:04  Marine x5  
  199  20:40  Marine  
  191  21:43  Marine  
  191  21:44  Marine x3  
  191  21:45  Marauder x2  
  199  21:53  Marine  
  200  22:27  Marine x3  
  200  22:28  Marine x2  
  200  22:29  Marine x3  
  194  22:31  Medic x2  
  194  22:32  Marine x3, Medic  
  194  22:37  Marine x3  
  194  22:38  Marine x2  
  194  22:39  Marine, Medic  
  153  22:40  Medic  
  153  22:41  Marine  
  153  22:42  Marine x4  
  153  22:43  Marine  
  153  22:47  Marine x2  
  153  22:48  Marine x2  
  165  22:50  Marine x2  
  165  22:51  Marine x3  
  165  22:52  Marine, Medic x3  
  165  22:53  Marine  
  165  22:57  Marine  
  165  22:58  Marine x3  
  182  23:00  Marine x2  
  182  23:01  Medic x2  
  182  23:02  Marine x3, Medic  
  182  23:03  Marine x2  
  182  23:07  Marine  
  196  23:25  Marine  
  196  23:26  Marine  
  196  23:28  Marine x3  
  196  23:29  Marine x2  
  187  23:33  Marine  
  187  23:34  Marine x3  
  187  23:39  Marine x2  
  187  23:40  Marine x4  
  187  23:48  Marine x2  
  187  23:49  Marine  
  193  23:50  Marine x2  
  193  23:51  Marauder  
  193  23:53  Marine  
Show
View Real Time Build Order
Export as new Build Order

AtroCity Zerg 

Build Orders:  

Get SALT Encoding   

  18  0:11  Extractor  
  18  0:36  Primal Warden  
  19  0:48  Primal Drone  
  20  0:50  Primal Drone  
  20  0:59  Primal Drone  
  22  1:45  Primal Drone  
  22  1:46  Primal Drone  
  22  1:47  Glevig's Den  
  23  1:55  Primal Drone  
  24  2:00  Primal Zergling  
  25  2:22  Primal Drone  
  25  2:23  Primal Drone x2  
  28  2:54  Primal Drone  
  28  2:55  Primal Drone x2  
  31  3:34  Murvar's Den  
  30  3:45  Primal Hive  
  30  3:48  Primal Drone  
  36  4:13  Primal Drone  
  36  4:14  Primal Drone x3  
  36  4:15  Extractor  
  40  4:29  Primal Drone  
  41  4:43  Primal Drone  
  42  4:58  Primal Warden, Primal Drone  
  44  5:11  Primal Warden  
  44  5:45  Primal Drone  
  44  5:46  Primal Drone x6  
  51  5:50  Dakrun's Den  
  51  5:52  Extractor  
  51  5:53  Extractor  
  50  6:00  Primal Drone  
  51  6:34  Primal Drone x3  
  51  6:35  Primal Drone x2  
  56  6:44  Slicing Glave  
  56  6:56  Primal Drone x2  
  58  7:03  Primal Drone  
  58  7:06  Primal Drone  
  61  7:21  Primal Drone  
  61  7:22  Primal Drone  
  61  7:26  Primal Warden  
  63  7:43  Primal Drone  
  63  7:44  Primal Drone, Shifting Carapace, Primal Attacks Level 1  
  63  7:46  Primal Carapace Level 1  
  65  7:57  Primal Hydralisk x4  
  73  8:05  Primal Drone x2  
  75  8:44  Primal Reconstitution  
  75  8:49  Primal Mutalisk  
  74  8:50  Primal Mutalisk  
  74  8:51  Primal Hydralisk x5  
  74  8:52  Primal Hydralisk x5  
  92  9:17  Primal Hydralisk x3  
  92  9:18  Primal Hydralisk x2  
  102  9:36  Primal Mutalisk  
  102  9:37  Primal Mutalisk x2  
  102  9:38  Primal Mutalisk x2  
  98  10:14  Primal Hydralisk  
  98  10:15  Primal Hydralisk x6  
  98  10:16  Primal Warden  
  112  10:44  Primal Mutalisk x4  
  112  10:46  Primal Mutalisk  
  107  11:02  Primal Drone x2  
  107  11:06  Primal Attacks Level 2  
  110  11:10  Primal Warden  
  110  11:16  Primal Carapace Level 2  
  110  11:21  Primal Zergling  
  110  11:22  Primal Zergling x13  
  121  12:14  Primal Wurm  
  122  12:37  Ravasaur  
  122  12:38  Ravasaur x2  
  122  12:39  Ravasaur x3  
  122  12:40  Ravasaur  
  122  12:52  Primal Hydralisk  
  122  12:53  Primal Hydralisk  
  122  12:54  Primal Hydralisk  
  122  12:55  Primal Hydralisk x12  
  122  12:58  Primal Hydralisk  
  154  13:12  Primal Hydralisk  
  154  13:13  Primal Hydralisk  
  158  13:24  Primal Mutalisk  
  158  13:25  Primal Mutalisk x3  
  154  13:48  Primal Drone  
  155  13:50  Primal Drone x2  
  157  14:12  Primal Mutalisk  
  157  14:13  Primal Mutalisk x3  
  157  14:14  Primal Mutalisk  
  157  14:17  Primal Mutalisk  
  144  15:29  Primal Hydralisk x2  
  148  15:30  Primal Hydralisk x2  
  148  15:31  Primal Hydralisk  
  148  15:32  Primal Hydralisk x2  
  148  15:33  Primal Hydralisk  
  148  15:34  Primal Hydralisk  
  148  15:35  Primal Hydralisk x2  
  148  15:36  Primal Hydralisk x5  
  148  15:37  Primal Hydralisk  
  148  15:39  Primal Hydralisk  
  180  15:46  Primal Zergling x2  
  180  15:47  Primal Zergling  
  180  15:48  Primal Zergling  
  180  15:49  Primal Zergling x3  
  170  16:13  Primal Warden x2, Primal Drone x3  
  170  16:14  Primal Warden  
  173  16:28  Primal Wurm  
  175  17:13  Primal Hydralisk  
  175  17:14  Primal Hydralisk x9  
  175  17:16  Primal Mutalisk  
  175  17:17  Primal Mutalisk x2  
  175  17:18  Primal Mutalisk  
  175  17:19  Primal Mutalisk  
  190  17:20  Primal Wurm  
  188  17:54  Primal Hydralisk  
  188  17:55  Primal Hydralisk  
  188  17:56  Primal Hydralisk  
  191  18:43  Primal Hydralisk  
  191  18:44  Primal Hydralisk x3  
  191  18:46  Primal Mutalisk  
  191  18:47  Primal Mutalisk x3  
  191  18:48  Primal Mutalisk  
  191  18:49  Primal Mutalisk  
  193  18:52  Primal Hydralisk  
  193  18:53  Primal Hydralisk x2  
  199  19:20  Primal Mutalisk  
  199  19:21  Primal Mutalisk  
  196  20:14  Primal Wurm  
  196  20:16  Primal Mutalisk  
  193  20:31  Primal Wurm  
  187  21:38  Primal Hydralisk x3  
  187  21:39  Primal Hydralisk  
  195  21:54  Primal Hydralisk  
  195  21:55  Primal Hydralisk  
  194  23:15  Primal Mutalisk  
  194  23:16  Primal Mutalisk  
  194  23:17  Primal Mutalisk  
Tags
 
Add a new tag
Caveats
  • Supply blocks, unpowered buildings, or Contaminate may cause inaccurate times.
  • Supply counts are checked every 10 seconds.